 Dungeon Crawl Stone Soup version 0.25-b1-37-g2669288c55 (webtiles) character file.

Game seed: 10070920847446538442

637185 grindst0ne the Hoplite (level 27, -3/205 HPs)
             Began as a Vampire Gladiator on June 3, 2020.
             Was an Initiate of Gozag.
             Killed from afar by an ancient lich (124 damage)
             ... with a crystal spear
             ... on level 5 of the Realm of Zot on June 4, 2020.
             The game lasted 05:22:03 (87053 turns).

grindst0ne the Hoplite (Vampire Gladiator)         Turns: 87053, Time: 05:22:04

Health: -3/205     AC: 30    Str: 21    XL:     27
Magic:  32/32      EV: 20    Int: 24    God:    Gozag
Gold:   4845       SH: 26    Dex: 18    Spells: 14/44 levels left

rFire    + + +     SeeInvis +   N - +9 double sword (freeze)
rCold    + + +     Gourm    .   I - +2 tower shield {AC+3}
rNeg     + . .     Faith    .   h - +10 shadow dragon scales
rPois    .         Spirit   .   (helmet restricted)
rElec    +         Reflect  .   b - scarf {rC+ rF+}
rCorr    .         Harm     .   J - +1 pair of gloves {Str+3}
MR       ++...     Rnd*Rage +   Z - +1 pair of boots {run}
Stlth    +++++++...             P - amulet "Tigeat" {RegenMP rF+ rC++ Str+3}
HPRegen  0.64/turn              v - ring "Xuif" {rElec rN+ Int+4 Dex+3 Slay+2}
MPRegen  0.48/turn              f - ring of protection from fire

@: corroded, regenerating quickly, studying Stealth, quick
A: no food, fangs 3, horns 1, see invisible, berserk 1, clumsy 1, frail 1, low
mp 1, unbreathing
}: 3/15 runes: barnacled, silver, gossamer
a: Exsanguinate, Potion Petition, Call Merchant, Bribe Branch, Renounce Religion


You were on level 5 of the Realm of Zot.
You worshipped Gozag.
Gozag was most pleased with you.
You were alive.

You visited 11 branches of the dungeon, and saw 53 of its levels.
You visited 1 bazaar.
You also visited: Sewer, Ossuary, Gauntlet and Ice Cave.

You collected 33669 gold pieces.
You spent 6421 gold pieces at shops.
You paid 22403 gold pieces to Gozag.

Inventory:

Hand Weapons
 N - a +9 double sword of freezing (weapon)
Missiles
 B - 4 throwing nets (quivered)
Armour
 b - a scarf of resistance (worn)
 h - +10 shadow dragon scales (worn)
 l - a +1 helmet of intelligence
 I - a +2 tower shield of protection (worn)
 J - a +1 pair of gloves of strength (worn)
 T - the +0 helmet "Uqedetz" {rElec rC- MR+ Slay+5}
   (You found it on level 5 of the Vaults)

   It affects your accuracy and damage with ranged weapons and melee attacks
   (+5).
   It makes you vulnerable to cold.
   It insulates you from electricity.
   It affects your resistance to hostile enchantments.
 Z - a +1 pair of boots of running (worn)
Jewellery
 f - a ring of protection from fire (right hand)
 v - the ring "Xuif" (left hand) {rElec rN+ Int+4 Dex+3 Slay+2}
   (You found it on level 3 of the Crypt)

   [ring of positive energy]

   It affects your intelligence (+4).
   It affects your dexterity (+3).
   It affects your accuracy and damage with ranged weapons and melee attacks
   (+2).
   It insulates you from electricity.
   It protects you from negative energy.
 C - the ring "Quor Hug" {rPois rN+ SInv Stlth+}
   (You bought it in a shop on level 1 of the Depths)

   [ring of see invisible]

   It protects you from poison.
   It protects you from negative energy.
   It lets you see invisible.
   It makes you more stealthy.
 F - the ring of Robustness {AC+8}
   (You took it off a deep elf demonologist on level 3 of the Elven Halls)

   [ring of protection]

   It affects your AC (+8).
 O - an uncursed ring of resist corrosion
 P - the amulet "Tigeat" (around neck) {RegenMP rF+ rC++ Str+3}
   (You took it off a deep elf archer on level 2 of the Vaults)

   [amulet of magic regeneration]

   It increases your magic regeneration.
   It affects your strength (+3).
   It protects you from fire.
   It greatly protects you from cold.
 V - the ring of Uskayaw's Condemnation {*Contam +Inv rN+ MR+ Dex+4 Stlth+}
   (You bought it in a shop on level 2 of the Orcish Mines)

   [ring of protection from magic]

   It affects your dexterity (+4).
   It protects you from negative energy.
   It affects your resistance to hostile enchantments.
   It lets you turn invisible.
   It causes magical contamination when unequipped.
   It makes you more stealthy.
Wands
 d - a wand of acid (27)
 x - a wand of digging (13)
 K - a wand of disintegration (39)
 L - a wand of paralysis (15)
Scrolls
 a - 5 scrolls of vulnerability
 i - 22 scrolls of remove curse
 j - 4 scrolls of blinking
 q - 14 scrolls of fog
 r - 10 scrolls of magic mapping
 s - 7 scrolls of fear
 t - 8 scrolls of teleportation
 z - 3 scrolls of enchant weapon
 D - 11 scrolls of amnesia
 E - 12 scrolls of immolation
 Q - a scroll of brand weapon
 Y - 10 scrolls of identify
Potions
 c - 5 potions of mutation
 e - 16 potions of curing
 g - 10 potions of stabbing
 k - 4 potions of might
 n - 9 potions of flight
 p - 12 potions of ambrosia
 u - 2 potions of heal wounds
 w - 2 potions of brilliance
 A - 2 potions of invisibility
 G - 6 potions of magic
 H - 5 potions of cancellation
 M - 5 potions of haste
Books
 o - a manual of Stealth
Miscellaneous
 m - 2 boxes of beasts
 y - a lightning rod (4/4)
 S - a phantom mirror
 U - a tin of tremorstones (3/3)
 W - a lightning rod (4/4)
 X - a phial of floods


   Skills:
 - Level 21.0 Fighting
 - Level 16.0 Long Blades
 - Level 1.5 Throwing
 - Level 14.4 Armour
 - Level 19.1 Dodging
 - Level 14.0 Stealth
 - Level 22.0 Shields
 + Level 9.1 Spellcasting
 - Level 4.0 Charms
 * Level 16.0 Translocations
 - Level 6.0 Evocations


You had 14 spell levels left.
You knew the following spells:

 Your Spells              Type           Power        Failure   Level  Hunger
a - Blink                 Tloc           N/A          1%          2    N/A
b - Passage of Golubria   Tloc           N/A          1%          4    N/A
c - Borgnjor's Vile Clut  Necr/Erth      ##........   100%        5    N/A
d - Lesser Beckoning      Tloc           ######....   1%          3    N/A
e - Death Channel         Necr           ##........   100%        6    N/A
f - Song of Slaying       Chrm           ####....     13%         2    N/A
g - Controlled Blink      Tloc           N/A          99%         8    N/A

Your spell library contained the following spells:

 Spells                   Type           Power        Failure   Level  Hunger
 Apportation              Tloc           ######       1%          1    N/A
 Shroud of Golubria       Chrm/Tloc      ######       1%          2    N/A
 Gell's Gravitas          Tloc           ######....   1%          3    N/A
 Portal Projectile        Hex/Tloc       #####.       4%          3    N/A
 Recall                   Summ/Tloc      N/A          4%          3    N/A
 Infusion                 Chrm           ####         9%          1    N/A
 Dispersal                Tloc           ######....   10%         6    N/A
 Swiftness                Chrm/Air       ###.....     28%         2    N/A
 Animate Skeleton         Necr           N/A          41%         1    N/A
 Beastly Appendage        Tmut           ##....       41%         1    N/A
 Corona                   Hex            ##.....      41%         1    N/A
 Foxfire                  Conj/Fire      ##..         41%         1    N/A
 Freeze                   Ice            ##..         41%         1    N/A
 Pain                     Necr           ##..         41%         1    N/A
 Shock                    Conj/Air       ##..         41%         1    N/A
 Sting                    Tmut/Pois      ##..         41%         1    N/A
 Summon Small Mammal      Summ           ##..         41%         1    N/A
 Summon Forest            Summ/Tloc      #####.....   41%         5    N/A
 Ozocubu's Armour         Chrm/Ice       ###.....     50%         3    N/A
 Spectral Weapon          Hex/Chrm       ###.....     50%         3    N/A
 Corpse Rot               Necr/Air       N/A          54%         2    N/A
 Ensorcelled Hibernation  Hex/Ice        ##....       54%         2    N/A
 Poisonous Vapours        Pois/Air       ##....       54%         2    N/A
 Slow                     Hex            ##......     54%         2    N/A
 Sticks to Snakes         Tmut           ##......     54%         2    N/A
 Sublimation of Blood     Necr           ##........   54%         2    N/A
 Confusing Touch          Hex            ##......     78%         3    N/A
 Conjure Flame            Conj/Fire      ##......     78%         3    N/A
 Dazzling Flash           Conj/Hex       ##....       78%         3    N/A
 Frozen Ramparts          Ice            ##....       78%         3    N/A
 Ignite Poison            Fire/Tmut/Pois ##......     78%         3    N/A
 Inner Flame              Hex/Fire       ##......     78%         3    N/A
 Mephitic Cloud           Conj/Pois/Air  ##......     78%         3    N/A
 Spider Form              Tmut/Pois      ##........   78%         3    N/A
 Static Discharge         Conj/Air       ##......     78%         3    N/A
 Stone Arrow              Conj/Erth      ##....       78%         3    N/A
 Tukima's Dance           Hex            ##......     78%         3    N/A
 Vampiric Draining        Necr           ##........   78%         3    N/A
 Airstrike                Air            ##........   99%         4    N/A
 Animate Dead             Necr           N/A          99%         4    N/A
 Cause Fear               Hex            ##........   99%         4    N/A
 Dispel Undead            Necr           ##......     99%         4    N/A
 Hailstorm                Conj/Ice       ##......     99%         4    N/A
 Ice Form                 Ice/Tmut       ##......     99%         4    N/A
 Leda's Liquefaction      Hex/Erth       ##........   99%         4    N/A
 Petrify                  Tmut/Erth      ##......     99%         4    N/A
 Sticky Flame             Conj/Fire      ##......     99%         4    N/A
 Summon Ice Beast         Ice/Summ       ##......     99%         4    N/A
 Excruciating Wounds      Chrm/Necr      ###.......   99%         5    N/A
 Iskenderun's Battlesphe  Conj/Chrm      ###.....     99%         5    N/A
 Disjunction              Tloc           ######....   99%         8    N/A
 Agony                    Necr           ##......     100%        5    N/A
 Alistair's Intoxication  Tmut/Pois      ##......     100%        5    N/A
 Aura of Abjuration       Summ           ##........   100%        5    N/A
 Blade Hands              Tmut           ##........   100%        5    N/A
 Bolt of Magma            Conj/Fire/Erth ##........   100%        5    N/A
 Fireball                 Conj/Fire      ##........   100%        5    N/A
 Irradiate                Conj/Tmut      ##........   100%        5    N/A
 Lightning Bolt           Conj/Air       ##........   100%        5    N/A
 Metabolic Englaciation   Hex/Ice        ##........   100%        5    N/A
 Silence                  Hex/Air        ##........   100%        5    N/A
 Summon Demon             Summ           ##........   100%        5    N/A
 Summon Mana Viper        Hex/Summ       ##......     100%        5    N/A
 Yara's Violent Unravell  Hex/Tmut       ##........   100%        5    N/A
 Darkness                 Hex            ##........   100%        6    N/A
 Eringya's Noxious Bog    Tmut/Pois      ##........   100%        6    N/A
 Freezing Cloud           Conj/Ice/Air   ##........   100%        6    N/A
 Hydra Form               Tmut           ##........   100%        6    N/A
 Invisibility             Hex            ##......     100%        6    N/A
 Iron Shot                Conj/Erth      ##........   100%        6    N/A
 Shadow Creatures         Summ           N/A          100%        6    N/A
 Simulacrum               Ice/Necr       ##........   100%        6    N/A
 Starburst                Conj/Fire      ##........   100%        6    N/A
 Statue Form              Tmut/Erth      ##.......    100%        6    N/A
 Malign Gateway           Summ/Tloc      #####.....   100%        7    N/A
 Monstrous Menagerie      Summ           ##........   100%        7    N/A
 Orb of Destruction       Conj           ##........   100%        7    N/A
 Ring of Flames           Chrm/Fire      ###.......   100%        7    N/A
 Spellforged Servitor     Conj/Summ      ##........   100%        7    N/A
 Summon Greater Demon     Summ           ##........   100%        7    N/A
 Summon Hydra             Summ           ##........   100%        7    N/A
 Ignition                 Fire           ##........   100%        8    N/A
 Infestation              Necr           ##........   100%        8    N/A
 Summon Horrible Things   Summ           ##........   100%        8    N/A
 Shatter                  Erth           ##........   100%        9    N/A
 Tornado                  Air            ##........   100%        9    N/A

Dungeon Overview and Level Annotations

Branches:
Dungeon (15/15)            Temple (1/1) D:6            Lair (6/6) D:10
 Shoals (4/4) Lair:4       Spider (4/4) Lair:2        Slime (0/5) Lair:6
    Orc (2/2) D:10            Elf (3/3) Orc:2        Vaults (5/5) D:13
  Crypt (3/3) Vaults:3       Tomb (0/3) Crypt:3      Depths (5/5) D:15
    Zot (5/5) Depths:5      Sewer (visited)         Ossuary (visited)
  IceCv (visited)         Gauntlet (visited)

Altars:
Ashenzari
Cheibriados
Dithmenos
Fedhas
Gozag
Kikubaaqudgha
Makhleb
Nemelex Xobeh
Okawaru
Qazlal
Ru
Sif Muna
Trog
Uskayaw
Vehumet
Wu Jian
Xom
Yredelemnul
Zin
The Shining One
Jiyva

Shops:
D:5 ::==(   D:10 *   D:12 =   Orc:2 =(*[   Elf:2 (   Lair:4 *[?*   Shoals:3 =
Vaults:2 :*   Vaults:5 ([   Crypt:3 :   Depths:1 ==}*[(   Depths:2 (
Depths:3 =   Depths:5 [

Portals:
Hell: Depths:1 Depths:2 Depths:3 Depths:4 Depths:5
Abyss: Depths:1 Depths:3 Depths:4
Pandemonium: Depths:1 Depths:3
Ziggurat: Depths:4
Trove: Vaults:3 (give +7 demon blade)

Annotations:
D:12 exclusion: downstairs
Lair:6 1 runed translucent door
Shoals:3 exclusion: downstairs
Spider:3 exclusion: 2 downstairs
Depths:4 exclusion: downstairs
Zot:1 1 transporter
Zot:4 exclusion: downstairs


Innate Abilities, Weirdness & Mutations

You do not eat.
Your natural rate of healing is unusually fast.
You have razor-sharp teeth.
You have supernaturally acute eyesight. (SInv)
You can survive without breathing.
You have a pair of small horns on your head.
You tend to lose your temper in combat.
You are clumsy. (Dex -2)
You are frail. (-10% HP)
Your magical capacity is low. (-10% MP)


Message History

You completely miss the ancient lich.
You bite the ancient lich, but do no damage.
You block the ancient lich's attack.
You hit the ancient lich but do no damage.
The ancient lich gestures at you while chanting.
You resist with some effort.
You hit the ancient lich but do no damage.
You hit the ancient lich but do no damage.
The ancient lich points at you and mumbles some strange words.
The bolt of acid hits you!! The acid corrodes you!
You are splashed with acid!
You hit the ancient lich but do no damage.
Your headbutt misses the ancient lich. You block the ancient lich's attack.
You hit the ancient lich but do no damage.
You bite the ancient lich.
The ancient lich is lightly damaged.
The ancient lich gestures at you while chanting.
The crystal spear hits you!!!!
Ouch! That really hurt!
You die...
Your body crumbles into a pile of gold.

..###.X...#..###.....###..# ##.
..##.*....##.^##.....⌠....# ##..
#...X....##....#..##......# ##..#
#.XX*<...........###......###..##
#.............$..###).)...##..##
#.###........##..##...[......##
.## ###...######...........### .#
###### ###.......#..##
^######....###..@...####..#
..#............L..### #..#
...........<.....## ##.## #
.................# #..# #
................## ##..# ##
..####...........# ##...## ##.
.................####.....#####..
........^...................##...
.................................


You could see an ancient lich.

Vanquished Creatures
  4 orbs of fire
  Mara (Spider:4)
  Mennas (Depths:3)
  An ancient lich (Zot:5)
  3 juggernauts
  A Killer Klown (Zot:5)
  10 caustic shrikes
  Margery (Depths:4)
  2 curse toes
  Nikola (Lair:2)
  5 golden dragons
  Arachne (Spider:1)
  A bone dragon (Crypt:3)
  Rupert (D:13)
  8 Orb Guardians
  3 deep elf blademasters
  12 tentacled monstrosities
  3 quicksilver dragons
  An Ice Fiend (IceCv)
  6 liches
  3 titans (Vaults:5)
  An acid blob (Depths:3)
  6 death cobs
  A kraken (Shoals:3)
  Polyphemus (Shoals:2)
  9 ancient champions
  2 deep elf master archers (Elf:3)
  4 sphinxes
  Frances (Elf:1)
  6 shadow dragons
  5 revenants
  Roxanne (Elf:1)
  4 draconian monks
  17 storm dragons
  7 ghost moths
  8 tengu reavers
  11 frost giants
  5 draconian knights
  4 fire giants
  4 deep elf sorcerers (Elf:3)
  An azure jelly (Depths:3)
  6 draconian scorchers
  Louise (D:15)
  5 iron dragons
  12 vault wardens
  3 orc warlords (Orc:1)
  9 draconian stormcallers
  6 deep elf elementalists
  6 emperor scorpions
  3 curse skulls
  7 draconian shifters
  24 very ugly things
  A reaper (Crypt:2)
  4 draconian annihilators
  18 ironheart preservers
  19 stone giants
  10 ghouls
  9 deep elf demonologists
  A minotaur (Gauntlet)
  9 vampire knights
  A war gargoyle (Vaults:5)
  15 green draconians
  A lorocyproca (Depths:3)
  12 black draconians
  6 dire elephants (Lair:6)
  3 entropy weavers
  4 spark wasps
  8 deep elf annihilators
  12 purple draconians
  10 yellow draconians
  7 red draconians
  9 white draconians
  6 ettins
  4 eidola
  Snorg (Orc:1)
  6 merfolk javelineers
  7 fire dragons
  7 deep elf high priests
  10 deep elf death magi
  The ghost of StormphoenixUK the Bludgeoner, a journeyman MiBe of Trog (Lair:3)
  14 jiangshi
  2 death oozes (Depths:3)
  6 merfolk impalers
  A quicksilver dragon zombie (Depths:2)
  15 yaktaur captains
  9 hydras
  3 ice dragons
  9 great orbs of eyes
  6 merfolk avatars
  4 rakshasas
  31 vault guards
  4 spriggan air magi
  2 catoblepae
  4 alligator snapping turtles
  An anaconda (Lair:6)
  5 death knights
  2 death yaks (Shoals:2)
  11 centaur warriors
  26 two-headed ogres
  4 orc high priests
  2 tengu warriors (Depths:4)
  7 merfolk aquamancers
  8 ogre magi
  6 deep troll shamans
  7 deep troll earth magi
  A satyr (Shoals:4)
  15 vampire magi
  5 spriggan berserkers
  A soul eater (Crypt:2)
  4 hell knights (Depths:4)
  A wretched star (Gauntlet)
  17 skeletal warriors
  35 deep elf knights
  An iron troll (shapeshifter) (Depths:2)
  2 iron trolls
  12 sea snakes
  19 deep trolls
  5 unseen horrors
  A glowing orange brain (shapeshifter) (Gauntlet)
  4 glowing orange brains
  4 wizards
  A spriggan druid (Elf:1)
  2 anaconda zombies (Crypt:2)
  A shadow dragon zombie (Crypt:3)
  A kraken simulacrum (Shoals:4)
  21 deep elf archers
  2 tengu zombies
  2 gelid demonspawn (Depths:3)
  7 flayed ghosts
  14 ironbrand convokers
  8 phantasmal warriors
  An iron giant skeleton (Crypt:1)
  10 harpies
  An oklob plant (Orc:2)
  29 orb spiders
  8 necromancers
  A tengu skeleton (Depths:1)
  43 ugly things
  3 wolf spider zombies
  4 orc sorcerers
  63 deep elf magi
  17 orc knights
  A frost giant zombie (Crypt:1)
  41 wolf spiders
  14 manticores
  A shadow dragon skeleton (Crypt:3)
  13 fauns
  A fire giant zombie (Crypt:3)
  24 moths of wrath
  21 cyclopes
  A salamander (shapeshifter) (Vaults:2)
  A faun (shapeshifter) (Vaults:3)
  8 elephants (Lair:6)
  Joseph (Lair:1)
  5 black mambas
  12 merfolk sirens
  3 water nymphs
  A fire giant skeleton (Crypt:1)
  A sphinx skeleton (Crypt:3)
  2 torpor snails (Spider:3)
  3 centaur zombies
  2 iron dragon skeletons
  13 vault sentinels
  3 ice statues
  A storm dragon simulacrum (Crypt:1)
  4 centaur skeletons
  12 spiny frogs
  4 kobold demonologists (D:13)
  An eye of devastation (Depths:3)
  3 gargoyles
  3 rime drakes
  7 komodo dragons
  62 yaktaurs
  2 yaktaurs (shapeshifter)
  9 demonic crawlers
  A pale draconian zombie (Crypt:3)
  6 freezing wraiths
  A golden dragon simulacrum (Crypt:2)
  2 anaconda simulacra (IceCv)
  2 yaktaur skeletons (Vaults:4)
  4 ice devils (IceCv)
  A tengu conjurer (D:12)
  A ghost moth simulacrum (Crypt:1)
  7 trolls
  A polar bear (shapeshifter) (D:15)
  A red devil (Depths:3)
  A guardian mummy (Crypt:3)
  40 jumping spiders
  6 wind drakes
  7 polar bears
  Grinder (D:4)
  27 merfolk
  32 slime creatures
  2 bog bodies
  A hornet (shapeshifter) (D:15)
  8 hornets
  A hydra skeleton (Crypt:2)
  11 snapping turtles
  3 wolf spider simulacra (IceCv)
  An iron dragon simulacrum (Crypt:3)
  An ice dragon zombie (Crypt:1)
  2 ettin zombies
  7 dream sheep
  7 hippogriffs
  13 blink frogs (Lair:6)
  2 stone giant simulacra
  A flying skull (Vaults:3)
  3 shadows
  2 fire dragon skeletons (Crypt:2)
  2 ettin skeletons
  A spriggan (Depths:5)
  A vampire (Crypt:3)
  An ice dragon skeleton (Crypt:1)
  2 wyverns
  4 centaur simulacra
  88 redbacks
  17 yaks
  A spriggan (shapeshifter) (Vaults:2)
  28 water elementals
  6 air elementals
  32 tarantellas
  A tarantella (shapeshifter) (Gauntlet)
  8 wraiths
  4 dire elephant simulacra
  5 basilisks
  3 hogs (D:12)
  16 humans
  A spriggan skeleton (Depths:2)
  A wyvern (shapeshifter) (Depths:4)
  2 fire elementals (Elf:2)
  A steam dragon (D:10)
  A chaos spawn (Depths:3)
  A neqoxec (Gauntlet)
  A golden eye (Depths:3)
  A golden eye (shapeshifter) (Vaults:5)
  2 hungry ghosts
  A death yak simulacrum (IceCv)
  4 vampire mosquitoes (D:15)
  4 iron troll simulacra (IceCv)
  A water nymph zombie (Crypt:1)
  7 wargs
  2 harpy simulacra (IceCv)
  2 soldier ants (shapeshifter)
  2 acid dragons (Vaults:1)
  3 hydra simulacra (IceCv)
  8 water moccasins
  Purgy (Sewer)
  A floating eye (Depths:3)
  A floating eye (shapeshifter) (Depths:5)
  10 porcupines
  3 ice beasts
  4 sky beasts
  2 black bears
  A hornet zombie (Crypt:1)
  60 orc warriors
  An alligator simulacrum (IceCv)
  4 eyes of draining
  2 necrophages
  3 phantoms
  36 ogres
  An eye of draining (shapeshifter) (Vaults:2)
  An ettin simulacrum (IceCv)
  18 wolves
  7 boggarts
  21 centaurs
  2 centaurs (shapeshifter)
  17 crocodiles
  A swamp dragon skeleton (Crypt:1)
  A rime drake zombie (Crypt:2)
  4 big kobolds
  A big kobold (shapeshifter) (Gauntlet)
  A komodo dragon zombie (Crypt:2)
  19 bullfrogs
  5 earth elementals
  A gnoll sergeant (D:9)
  A cyclops zombie (Crypt:3)
  2 small abominations (Gauntlet)
  A deep troll simulacrum (Vaults:4)
  A wyvern skeleton (D:2)
  2 scorpions
  A water moccasin zombie (D:10)
  6 killer bees
  12 wights
  A warg skeleton (Crypt:2)
  8 howler monkeys
  2 electric eels
  9 crimson imps
  A wolf zombie (Crypt:1)
  A bullfrog zombie (D:9)
  2 human simulacra
  3 quasits
  5 draconian simulacra (IceCv)
  3 jellies
  5 hounds
  28 orc wizards
  4 bullfrog skeletons
  32 orc priests
  An iron imp (Depths:3)
  4 iguanas
  A polar bear simulacrum (IceCv)
  13 worker ants
  7 troll simulacra (IceCv)
  A killer bee zombie (D:6)
  An acid dragon zombie (Crypt:3)
  A deep dwarf zombie (Crypt:1)
  A deep dwarf skeleton (Crypt:3)
  A crocodile skeleton (Crypt:3)
  Robin (D:2)
  2 hound skeletons
  A worker ant zombie (D:8)
  20 mummies
  7 gnolls
  4 naga simulacra (IceCv)
  5 adders
  A howler monkey skeleton (D:4)
  3 ogre simulacra (IceCv)
  6 shadow imps
  7 white imps
  3 ufetubi
  An ooze (D:4)
  An adder zombie (D:7)
  2 worms
  A barachi skeleton (Crypt:2)
  2 dart slugs
  6 leopard geckos
  100 orcs
  7 bats
  12 giant cockroaches
  14 goblins
  10 hobgoblins
  10 jackals
  35 kobolds
  5 quokkas
  6 frilled lizards
  A hobgoblin skeleton (Crypt:1)
  3 hobgoblin zombies (Ossuary)
  A jackal zombie (Crypt:2)
  5 kobold zombies
  A leopard gecko skeleton (D:7)
  A leopard gecko zombie (Crypt:3)
  An orc zombie (Ossuary)
  9 rats
  3 plants
  6 tentacles (Shoals:3)
2449 creatures vanquished.

Vanquished Creatures (collateral kills)
  Kirke (D:12)
  Donald (Vaults:1)
  2 centaur warriors (Vaults:1)
  A deep elf mage (Vaults:1)
  A jumping spider (Spider:4)
  2 redbacks (Spider:4)
  2 centaurs (Vaults:1)
10 creatures vanquished.

Vanquished Creatures (others)
  A tengu reaver (Vaults:5)
  A fire giant (Depths:2)
  A spriggan defender (Depths:2)
  A vault guard (Vaults:5)
  An ogre mage (Vaults:1)
  24 dancing weapons
  A deep elf knight (Elf:1)
  An orb spider (Spider:1)
  A manticore (Shoals:3)
  A human (D:12)
  An acid dragon (Vaults:2)
  A bullfrog (D:15)
  An orc priest (Elf:2)
  2 orc wizards
  A white imp (IceCv)
  4 orcs
  21 fungi
  58 plants
  13 tentacles (Shoals:3)
135 creatures vanquished.

Grand Total: 2594 creatures vanquished

Notes
Turn   | Place    | Note
-------+----------+-------------------------------------------
     0 | D:1      | grindst0ne the Vampire Gladiator began the quest for the
                  | Orb.
     0 | D:1      | Reached XP level 1. HP: 16/16 MP: 1/1
    76 | D:1      | Reached skill level 1 in Stealth
   101 | D:1      | Reached XP level 2. HP: 22/22 MP: 2/2
   455 | D:2      | Reached XP level 3. HP: 27/27 MP: 3/3
   624 | D:2      | Reached XP level 4. HP: 20/34 MP: 4/4
   835 | D:2      | Found a blossoming altar of Fedhas.
   862 | D:2      | Noticed Robin
   971 | D:2      | Killed Robin
  1342 | D:3      | Reached XP level 5. HP: 40/40 MP: 5/5
  1356 | D:3      | Found a glowing drain.
  1360 | Sewer    | Entered a sewer
  1420 | Sewer    | Noticed Purgy
  1436 | Sewer    | Killed Purgy
  1473 | Sewer    | Got a translucent spear
  1598 | D:3      | Identified the +8 spear of Dicut {antimagic, rF+ MR+} (You
                  | found it in a sewer)
  1624 | D:3      | Reached XP level 6. HP: 37/47 MP: 2/6
  2259 | D:4      | Reached skill level 5 in Stealth
  2266 | D:4      | Reached skill level 5 in Dodging
  2525 | D:4      | Noticed Grinder
  2531 | D:4      | Paralysed by Grinder for 7 turns
  2548 | D:4      | Killed Grinder
  2548 | D:4      | Reached skill level 5 in Long Blades
  2548 | D:4      | Reached XP level 7. HP: 22/54 MP: 7/7
  2739 | D:4      | Found a basalt altar of Yredelemnul.
  2740 | D:4      | Found a hide-covered altar of Uskayaw.
  2740 | D:4      | Found a bloodstained altar of Trog.
  2996 | D:5      | Entered Level 5 of the Dungeon
  3015 | D:5      | Found Guch's Jewellery Emporium.
  3125 | D:5      | Reached XP level 8. HP: 37/61 MP: 8/8
  3428 | D:5      | Found Buas's Book Shop.
  3459 | D:5      | Found Adghedera's Book Emporium.
  3470 | D:5      | Got a glimmering quarterstaff
  3471 | D:5      | Identified the +2 quarterstaff of Pandemonium {protect,
                  | rN+} (You found it on level 5 of the Dungeon)
  3574 | D:5      | Found Kekul's Weapon Boutique.
  3640 | D:5      | Found Foch's Jewellery Boutique.
  4116 | D:6      | Reached skill level 5 in Fighting
  4138 | D:6      | Reached skill level 1 in Shields
  4234 | D:6      | Found a staircase to the Ecumenical Temple.
  4300 | Temple   | Entered the Ecumenical Temple
  4409 | Temple   | Became a worshipper of Gozag Ym Sagoz the Greedy
  4549 | D:6      | Reached skill level 2 in Shields
  4559 | D:6      | Reached skill level 10 in Stealth
  4559 | D:6      | Reached XP level 9. HP: 68/68 MP: 9/9
  4915 | D:7      | Found a glowing silver altar of Zin.
  5662 | D:7      | Found a shattered altar of Ashenzari.
  5674 | D:7      | Reached skill level 1 in Armour
  5809 | D:7      | Reached skill level 3 in Shields
  6073 | D:8      | Found a sand-covered staircase.
  6092 | Ossuary  | Entered an ossuary
  6939 | D:9      | Reached XP level 10. HP: 34/75 MP: 4/10
  7766 | D:8      | Reached skill level 4 in Shields
  8076 | D:10     | Entered Level 10 of the Dungeon
  8236 | D:10     | Noticed a green ugly thing
  8269 | D:10     | Killed a green ugly thing
  8559 | D:10     | Found a staircase to the Lair.
  8894 | D:10     | Found a staircase to the Orcish Mines.
  8894 | D:10     | Found Myoddufi's General Store.
  9071 | D:10     | Bought a scroll of enchant armour for 82 gold pieces
  9071 | D:10     | Bought a scroll of identify for 22 gold pieces
  9071 | D:10     | Bought a +1 chain mail of magic resistance for 181 gold
                  | pieces
  9176 | D:10     | Reached skill level 5 in Shields
  9347 | D:10     | Reached XP level 11. HP: 62/83 MP: 8/11
  9633 | Lair:1   | Entered Level 1 of the Lair of Beasts
  9634 | Lair:1   | Noticed Joseph
  9754 | Lair:1   | Killed Joseph
 11096 | Lair:1   | Noticed an eight-headed hydra
 11127 | Lair:1   | Killed an eight-headed hydra
 11127 | Lair:1   | Reached skill level 6 in Shields
 11378 | Lair:2   | Found a hole to the Spider Nest.
 11389 | Lair:2   | Reached skill level 1 in Evocations
 11497 | Lair:2   | Reached skill level 5 in Armour
 11801 | Lair:2   | Reached skill level 10 in Dodging
 12974 | Lair:3   | Reached XP level 12. HP: 30/94 MP: 4/14
 13220 | Lair:3   | Found a transporter.
 13225 | Lair:3   | Noticed StormphoenixUK's ghost (journeyman MiBe)
 13226 | Lair:3   | Found the amulet of Vitality {Regen+ HP+15}
 13231 | Lair:3   | Noticed an eight-headed hydra
 13380 | Lair:3   | Found a transporter.
 14215 | Lair:4   | Found a gate leading to a gauntlet.
 14222 | Gauntlet | Entered a Gauntlet
 14222 | Gauntlet | Found a transporter.
 14222 | Gauntlet | Found a transporter.
 14234 | Gauntlet | Found a transporter.
 14252 | Gauntlet | Found a transporter.
 14252 | Gauntlet | Found a transporter.
 14252 | Gauntlet | Found a transporter.
 14254 | Gauntlet | Found a transporter.
 14254 | Gauntlet | Found a transporter.
 14256 | Gauntlet | Noticed a death yak
 14256 | Gauntlet | Noticed a death yak
 14257 | Gauntlet | Noticed a death yak
 14257 | Gauntlet | Noticed a death yak
 14258 | Gauntlet | Noticed a death yak
 14258 | Gauntlet | Noticed a death yak
 14265 | Gauntlet | Found a transporter.
 14281 | Gauntlet | Found a transporter.
 14291 | Gauntlet | Found a transporter.
 14308 | Gauntlet | Found a transporter.
 14345 | Gauntlet | Found a transporter.
 14356 | Gauntlet | Found a transporter.
 14462 | Gauntlet | Noticed a satyr
 14462 | Gauntlet | a merfolk changed into a satyr
 14491 | Gauntlet | a satyr changed into a faun
 14556 | Gauntlet | Reached skill level 7 in Shields
 14585 | Gauntlet | Got an ancient helmet
 14596 | Gauntlet | Identified the +2 helmet "Giufidgh" {+Fly rC++ Dex-5
                  | Stlth-} (You found it in a Gauntlet)
 14836 | Gauntlet | Identified the cursed +1 ice dragon scales of the Blue Moon
                  | {rF- rC++ Int+3 Dex+3}
 14836 | Gauntlet | Noticed a minotaur
 14848 | Gauntlet | Killed a minotaur
 14865 | Gauntlet | Identified Arudwoter's Compendium of the Compass
 15140 | Lair:4   | Noticed a catoblepas
 15200 | Lair:4   | Noticed a four-headed hydra
 15225 | Lair:4   | Killed a four-headed hydra
 15554 | Lair:4   | Killed a catoblepas
 16046 | Lair:4   | Found a staircase to the Shoals.
 16408 | Lair:5   | Noticed a six-headed hydra
 16419 | Lair:5   | Killed a six-headed hydra
 16521 | Lair:5   | Noticed a five-headed hydra
 16534 | Lair:5   | Killed a five-headed hydra
 16534 | Lair:5   | Reached skill level 5 in Evocations
 17199 | Lair:5   | Reached XP level 13. HP: 101/101 MP: 16/16
 17573 | Lair:5   | Reached skill level 8 in Shields
 18050 | Lair:6   | Entered Level 6 of the Lair of Beasts
 18850 | D:11     | Got a shimmering halberd
 18856 | D:11     | Identified the cursed +2 halberd of Wu Jian {speed, MR+
                  | Str+3 Int+4} (You found it on level 11 of the Dungeon)
 18978 | D:11     | Got a faintly humming chain mail
 18989 | D:11     | Identified the cursed +0 chain mail of Valour {Regen+} (You
                  | found it on level 11 of the Dungeon)
 19082 | D:11     | Reached skill level 10 in Fighting
 19514 | D:12     | Found Meoptai's Jewellery Shoppe.
 19596 | D:12     | Found a radiant altar of Vehumet.
 20039 | D:12     | Noticed Kirke
 20065 | D:12     | Noticed a sphinx
 20109 | D:12     | Noticed a sphinx
 20112 | D:12     | Killed Kirke
 21008 | D:13     | Reached skill level 9 in Shields
 21376 | D:13     | Noticed Rupert
 21911 | D:14     | Reached XP level 14. HP: 111/111 MP: 18/18
 22489 | D:15     | Entered Level 15 of the Dungeon
 22646 | D:15     | Noticed Louise
 22808 | D:15     | Killed Louise
 22808 | D:15     | Reached skill level 10 in Shields
 24022 | D:15     | Found a staircase to the Depths.
 24298 | D:15     | Upgraded the game from 0.25-b1-23-ge2ad7d536c to
                  | 0.25-b1-37-g2669288c55
 24469 | Orc:1    | Entered Level 1 of the Orcish Mines
 24758 | Orc:2    | Entered Level 2 of the Orcish Mines
 24758 | Orc:2    | Noticed an orc warlord
 24966 | Orc:1    | Killed an orc warlord
 24992 | Orc:2    | Noticed an orc warlord
 25159 | Orc:1    | Killed an orc warlord
 25159 | Orc:1    | Reached skill level 10 in Armour
 25449 | Orc:2    | Found a staircase to the Elven Halls.
 25665 | Orc:2    | Reached skill level 10 in Long Blades
 25690 | Orc:2    | Reached skill level 11 in Shields
 25749 | Orc:1    | Reached XP level 15. HP: 103/116 MP: 19/19
 26280 | Orc:1    | Noticed Snorg
 26296 | Orc:1    | Killed Snorg
 26545 | Orc:2    | Noticed an orc warlord
 26734 | Orc:1    | Killed an orc warlord
 26965 | Orc:2    | Paralysed by an orc sorcerer for 7 turns
 27117 | Orc:2    | Paralysed by an orc sorcerer for 4 turns
 27127 | Orc:1    | Paralysed by an orc sorcerer for 7 turns
 27560 | Orc:2    | Found Quzag's Antique Armour Boutique.
 27561 | Orc:2    | Found Rorisygi's Antique Weapon Boutique.
 27563 | Orc:2    | Found Leplij's General Store.
 27563 | Orc:2    | Found Fuwyng's Jewellery Shop.
 27568 | Orc:2    | Bought a scroll of enchant weapon for 105 gold pieces
 27568 | Orc:2    | Bought the +0 pair of boots of Fashionability {rElec rPois
                  | Int-5} for 170 gold pieces
 27568 | Orc:2    | Bought a wand of iceblast (11) for 210 gold pieces
 27568 | Orc:2    | Bought a potion of haste for 140 gold pieces
 27569 | Orc:2    | Bought the ring of Uskayaw's Condemnation {*Contam +Inv rN+
                  | MR+ Dex+4 Stlth+} for 585 gold pieces
 28041 | Lair:6   | Found a runed translucent door.
 28128 | Lair:6   | Found a viscous altar of Jiyva.
 28128 | Lair:6   | Found a staircase to the Slime Pits.
 28128 | Lair:6   | Noticed an acid blob
 28128 | Lair:6   | Noticed an acid blob
 29833 | D:13     | Found a gate to the Vaults.
 30317 | D:12     | Learned a level 2 spell: Blink
 30322 | D:12     | Learned a level 4 spell: Passage of Golubria
 30463 | Spider:1 | Entered Level 1 of the Spider Nest
 30481 | Spider:1 | Reached skill level 12 in Shields
 30968 | Spider:1 | Noticed Nikola
 31235 | Lair:2   | Killed Nikola
 31538 | Spider:1 | Noticed a ghost moth
 31650 | Spider:1 | Killed a ghost moth
 31676 | Spider:1 | Learned a level 5 spell: Borgnjor's Vile Clutch
 31874 | Spider:1 | Reached XP level 16. HP: 115/123 MP: 20/20
 32301 | Spider:2 | Noticed Arachne
 32764 | Spider:1 | Killed Arachne
 32764 | Spider:1 | Reached skill level 13 in Shields
 35159 | Spider:3 | Reached skill level 14 in Shields
 35476 | Spider:3 | Identified the +2 robe "Boazog" {rElec rF++ Str-2} (You
                  | found it on level 3 of the Spider Nest)
 35628 | Spider:4 | Entered Level 4 of the Spider Nest
 36162 | Spider:4 | Noticed Mara
 36172 | Spider:4 | Noticed grindst0ne's illusion
 36317 | Shoals:1 | Entered Level 1 of the Shoals
 36361 | Lair:4   | Bought a pair of slimy gloves for 380 gold pieces
 36372 | Lair:4   | Identified the cursed -1 pair of gloves "Negoczeu" {Stlth+}
                  | (You bought it in a shop on level 4 of the Lair of Beasts)
 36390 | Lair:4   | Bought a scroll of enchant weapon for 112 gold pieces
 36456 | Shoals:1 | Reached XP level 17. HP: 124/129 MP: 21/21
 37420 | Shoals:2 | Reached skill level 15 in Long Blades
 37471 | Shoals:2 | Noticed a kraken
 37530 | Shoals:2 | Reached skill level 15 in Shields
 37928 | Shoals:2 | Noticed Polyphemus
 38024 | Shoals:2 | Killed Polyphemus
 38753 | Shoals:3 | Found a frozen archway.
 38778 | IceCv    | Entered an ice cave
 39070 | IceCv    | Identified a scroll of acquirement
 39417 | IceCv    | Noticed an Ice Fiend
 39473 | IceCv    | Killed an Ice Fiend
 39935 | Shoals:3 | Found Giejichi's Jewellery Shoppe.
 40497 | Shoals:3 | Found a shadowy altar of Dithmenos.
 40502 | Shoals:3 | Noticed a kraken
 40664 | Shoals:3 | Killed a kraken
 40936 | Shoals:4 | Entered Level 4 of the Shoals
 40976 | Shoals:4 | Reached skill level 16 in Shields
 41121 | Shoals:3 | Learned a level 3 spell: Lesser Beckoning
 41334 | Shoals:4 | Identified the cursed +2 quarterstaff of the Dozen Xenops
                  | {speed, rC+} (You found it on level 4 of the Shoals)
 41359 | Shoals:4 | Got a barnacled rune of Zot
 41739 | Shoals:4 | Reached XP level 18. HP: 124/136 MP: 22/22
 42779 | Shoals:4 | Reached skill level 17 in Shields
 43763 | Spider:4 | Noticed grindst0ne's illusion
 43931 | Spider:4 | Noticed grindst0ne's illusion
 44030 | Spider:4 | Noticed grindst0ne's illusion
 44205 | Spider:4 | Noticed grindst0ne's illusion
 44727 | Spider:4 | Reached skill level 1 in Spellcasting
 44775 | Spider:4 | Reached skill level 1 in Translocations
 44898 | Spider:4 | Noticed grindst0ne's illusion
 44930 | Spider:4 | Killed Mara
 45765 | Spider:4 | Got a gossamer rune of Zot
 45940 | Lair:4   | Bought a shiny helmet for 300 gold pieces
 45963 | Lair:4   | Bought a scroll of teleportation for 45 gold pieces
 45965 | Lair:4   | Bought a scroll of enchant armour for 247 gold pieces
 45965 | Lair:4   | Bought a scroll of enchant weapon for 247 gold pieces
 46135 | Vaults:1 | Entered Level 1 of the Vaults
 46203 | Vaults:1 | Noticed Donald
 46218 | Vaults:1 | Killed Donald
 46988 | Vaults:1 | Reached XP level 19. HP: 74/142 MP: 25/25
 47068 | Vaults:1 | Noticed a Tzitzimitl
 47429 | Vaults:1 | Identified the +6 scale mail of Oily Lucidity {Str+2 Dex+5}
                  | (You found it on level 1 of the Vaults)
 47660 | Vaults:1 | Reached skill level 5 in Spellcasting
 47708 | Vaults:1 | Reached skill level 18 in Shields
 48122 | Vaults:2 | Reached skill level 5 in Translocations
 48889 | Vaults:2 | Identified the amulet "Tigeat" {RegenMP rF+ rC++ Str+3}
 50302 | Vaults:3 | Reached XP level 20. HP: 105/155 MP: 27/27
 50891 | Vaults:3 | Found a staircase to the Crypt.
 51644 | Vaults:3 | Found a portal to a secret trove of treasure.
 53503 | D:13     | Killed Rupert
 53599 | Depths:1 | Entered Level 1 of the Depths
 53599 | Depths:1 | Found Lelag's Weapon Shoppe.
 53624 | Depths:1 | Bought a scroll of teleportation for 87 gold pieces
 53624 | Depths:1 | Bought a pair of glowing gloves for 217 gold pieces
 53624 | Depths:1 | Bought a wavering brass ring for 145 gold pieces
 53624 | Depths:1 | Bought a runed kite shield for 217 gold pieces
 53628 | Depths:1 | Identified the ring "Cosunneo" {*Tele rN+ Str-3 Int+2
                  | Slay+3} (You bought it in a shop on level 1 of the Depths)
 53640 | Depths:1 | Bought a citrine-encrusted chain mail for 408 gold pieces
 53640 | Depths:1 | Bought an ichor-stained chain mail for 408 gold pieces
 53650 | Depths:1 | Identified the +3 chain mail of the Valley of Death {Int+3}
                  | (You bought it in a shop on level 1 of the Depths)
 53664 | Depths:1 | Identified the +2 chain mail "Paquynu" {rElec rPois} (You
                  | bought it in a shop on level 1 of the Depths)
 53867 | Depths:1 | Found a one-way gate to the infinite horrors of the Abyss.
 53936 | Depths:1 | Found Akodiep's Gadget Shop.
 53936 | Depths:1 | Found Demi Qom's Jewellery Shoppe.
 53937 | Depths:1 | Found Umaidob's Jewellery Shoppe.
 54169 | Depths:1 | Reached skill level 19 in Shields
 54215 | Depths:1 | Found a one-way gate leading to the halls of Pandemonium.
 54262 | Depths:1 | Reached XP level 21. HP: 160/167 MP: 28/28
 54291 | Depths:1 | Found a gateway to Hell.
 54381 | Depths:1 | Reached skill level 15 in Fighting
 55494 | Depths:2 | Reached skill level 15 in Dodging
 55497 | Depths:2 | Noticed a juggernaut
 55827 | Depths:2 | Killed a juggernaut
 55846 | Depths:2 | Identified the amulet of Nihilism {rF+ Regen+ Int+2 Dex+3}
 56031 | Depths:2 | Noticed a caustic shrike
 56041 | Depths:2 | Killed a caustic shrike
 56268 | Depths:2 | Got a smoking chain mail
 56279 | Depths:2 | Identified the cursed +0 chain mail "Rusmi" {MR+ Int-3
                  | SInv} (You found it on level 2 of the Depths)
 56401 | Depths:2 | Found Loenwav's Antique Weapon Shoppe.
 56768 | Depths:3 | Found a transporter.
 56791 | Depths:3 | Noticed Mennas
 56899 | Depths:3 | Paralysed by a floating eye for 4 turns
 57418 | Depths:3 | Identified the cursed +1 rapier of the Original Sin
                  | {vorpal, rElec rPois Int+5} (You found it on level 3 of the
                  | Depths)
 58551 | Depths:4 | Found a gateway to a ziggurat.
 58882 | Depths:4 | Reached XP level 22. HP: 151/179 MP: 32/32
 59018 | Depths:4 | Noticed Margery
 59163 | Depths:4 | Killed Margery
 59713 | Depths:4 | Found a shimmering altar of Xom.
 59855 | Depths:4 | Learned a level 6 spell: Death Channel
 60084 | Depths:5 | Entered Level 5 of the Depths
 60116 | Depths:5 | Noticed a juggernaut
 60208 | Depths:4 | Killed a juggernaut
 60244 | Depths:5 | Found a flickering gateway to a bazaar.
 60255 | Bazaar   | Entered a bazaar
 60473 | Bazaar   | Found Matoinil's Armour Shop.
 60486 | Bazaar   | Found Refurhoacs's Food Shop.
 60499 | Bazaar   | Found Tosaulewk's Book Boutique.
 60529 | Bazaar   | Found Ytesemai's Book Boutique.
 60611 | Depths:5 | Found a gate to the Realm of Zot.
 61081 | Depths:5 | Identified the Papyrus of Frigorific Augmentations
 61095 | Depths:5 | Noticed a caustic shrike
 61110 | Depths:5 | Noticed a caustic shrike
 61117 | Depths:5 | Noticed a caustic shrike
 61394 | Depths:5 | Noticed a caustic shrike
 61401 | Depths:5 | Noticed a caustic shrike
 61417 | Depths:5 | Killed a caustic shrike
 61425 | Depths:5 | Killed a caustic shrike
 61432 | Depths:5 | Killed a caustic shrike
 61441 | Depths:5 | Killed a ghostly caustic shrike
 61451 | Depths:5 | Killed a caustic shrike
 61752 | Depths:5 | Killed a caustic shrike
 61837 | Depths:5 | Noticed a caustic shrike
 61837 | Depths:5 | Noticed a caustic shrike
 61841 | Depths:5 | Noticed a caustic shrike
 61842 | Depths:5 | Noticed a caustic shrike
 61975 | Depths:4 | Killed a caustic shrike
 61982 | Depths:4 | Killed a caustic shrike
 62035 | Depths:4 | Killed a caustic shrike
 62043 | Depths:4 | Killed a caustic shrike
 62324 | Depths:5 | Found Nechil's Armour Shop.
 62696 | Depths:5 | Noticed a juggernaut
 62708 | Depths:5 | Paralysed by a floating eye for 3 turns
 63273 | Crypt:1  | Entered Level 1 of the Crypt
 63579 | Crypt:1  | Reached XP level 23. HP: 190/190 MP: 33/33
 66421 | Crypt:2  | Found a basalt altar of Yredelemnul.
 67504 | Crypt:3  | Entered Level 3 of the Crypt
 67557 | Crypt:3  | Found a staircase to the Tomb.
 68046 | Crypt:3  | Identified the amulet "Qeequvoi" {Faith rF+ Int+3 Dex-3}
 69843 | Crypt:3  | Noticed a curse toe
 69858 | Crypt:3  | Killed a curse toe
 69899 | Crypt:3  | Found a basalt altar of Yredelemnul.
 69934 | Crypt:3  | Found an ancient bone altar of Kikubaaqudgha.
 69949 | Crypt:3  | Got an ancient copper amulet
 69949 | Crypt:3  | Got a scintillating tin ring
 69949 | Crypt:3  | Got a shimmering silver ring
 69950 | Crypt:3  | Identified the Tome of Evil
 69953 | Crypt:3  | Got a slimy tin ring
 69954 | Crypt:3  | Identified the Papyrus of Shifting Cold
 69961 | Crypt:3  | Identified the amulet of Jev Uwk {rElec Regen+ Int+3} (You
                  | found it on level 3 of the Crypt)
 69962 | Crypt:3  | Identified the ring "Loilu" {rElec rPois rC+ rN+ Str-3}
                  | (You found it on level 3 of the Crypt)
 69963 | Crypt:3  | Identified the ring "Xuif" {rElec rN+ Int+4 Dex+3 Slay+2}
                  | (You found it on level 3 of the Crypt)
 69964 | Crypt:3  | Identified the ring of Qeji {rC+ Int+2 Stlth+} (You found
                  | it on level 3 of the Crypt)
 70316 | Vaults:5 | Entered Level 5 of the Vaults
 70348 | Vaults:4 | Reached skill level 20 in Shields
 70464 | Vaults:4 | Reached XP level 24. HP: 192/201 MP: 33/33
 70523 | Vaults:4 | Learned a level 2 spell: Song of Slaying
 70799 | Vaults:5 | Found the +5 demon whip "Spellbinder" {antimagic, MR+}
 70801 | Vaults:5 | Got a silver rune of Zot
 71412 | Vaults:5 | Found Potief's Antique Weapon Shoppe.
 71696 | Vaults:5 | Identified the +8 falchion of Patience {vorpal, *Slow rC-
                  | Int+9}
 71744 | Vaults:5 | Identified the Incunabulum of Hurtful Envenoming
 71918 | Vaults:5 | Got a scorched helmet
 71929 | Vaults:5 | Identified the +0 helmet "Uqedetz" {rElec rC- MR+ Slay+5}
                  | (You found it on level 5 of the Vaults)
 72276 | Vaults:5 | Found Pobider's Armour Boutique.
 72293 | Vaults:5 | Identified the +7 demon whip of Etteucau {freeze, Str+2}
 72613 | Elf:1    | Entered Level 1 of the Elven Halls
 72901 | Elf:1    | Found a runed translucent gate.
 72901 | Elf:1    | Found a runed translucent gate.
 72901 | Elf:1    | Found a runed translucent gate.
 72901 | Elf:1    | Found a runed translucent gate.
 72901 | Elf:1    | Found a runed translucent gate.
 72917 | Elf:1    | Found a runed translucent gate.
 73052 | Elf:1    | Noticed Roxanne
 73070 | Elf:1    | Killed Roxanne
 73423 | Elf:1    | Noticed Frances
 73451 | Elf:1    | Killed Frances
 73668 | Elf:2    | Found Modim's Antique Weapon Shoppe.
 74078 | Elf:2    | Found a runed translucent gate.
 74078 | Elf:2    | Found a runed translucent gate.
 74078 | Elf:2    | Found a runed translucent gate.
 74190 | Elf:2    | Reached XP level 25. HP: 211/211 MP: 33/33
 74652 | Elf:3    | Entered Level 3 of the Elven Halls
 75475 | Elf:3    | Identified the +7 war axe of Hanyset {vorpal, *Drain rF+
                  | rC+ Dex+6 SInv}
 75507 | Elf:3    | Identified the +6 great sword of Slime {vorpal, rC+ Str+2
                  | Dex-4}
 75518 | Elf:3    | Identified the ring "Neurirch" {rF+ MR- Int+4 Stlth+}
 76431 | Elf:3    | Identified a +0 pair of boots of running (You found it on
                  | level 3 of the Elven Halls)
 76485 | Elf:3    | Identified the Guide on Harmful Contamination
 76535 | Elf:3    | Identified Rifolec's Compendium of Ghastly Curses
 76548 | Elf:3    | Identified the Handbook of the Oath and the Glacier
 76890 | Lair:3   | Killed StormphoenixUK's ghost
 76929 | Lair:3   | Identified the cursed +0 pair of gloves "Qoudi" {Harm} (You
                  | found it on level 3 of the Lair of Beasts)
 77425 | D:13     | Reached skill level 1 in Charms
 77699 | Crypt:3  | Bought a book of the Warp for 1350 gold pieces
 77708 | Crypt:3  | Learned a level 8 spell: Controlled Blink
 78073 | Depths:1 | Bought the ring "Quor Hug" {rPois rN+ SInv Stlth+} for 763
                  | gold pieces
 78198 | Depths:3 | Killed Mennas
 78468 | Depths:3 | Found a transporter.
 78571 | Depths:3 | Got a sparkling tin amulet
 78573 | Depths:3 | Identified the amulet "Ushry" {Reflect +Fly rF- Str+2 Dex+4
                  | SH+5} (You found it on level 3 of the Depths)
 78961 | Depths:4 | Killed a juggernaut
 79128 | Depths:5 | Reached skill level 21 in Shields
 79533 | Depths:5 | Identified the +9 plate armour of the Vaults {Harm rN+}
                  | (You found it on level 5 of the Depths)
 79590 | Zot:1    | Entered Level 1 of the Realm of Zot
 79815 | Zot:1    | Found a transporter.
 80131 | Zot:1    | Reached skill level 10 in Translocations
 80359 | Zot:1    | Reached XP level 26. HP: 173/222 MP: 33/33
 80504 | Zot:1    | Found a transporter.
 80672 | Zot:1    | Noticed an orb of fire
 82808 | Zot:3    | Noticed an orb of fire
 82813 | Zot:3    | Gained mutation: Your magical capacity is low. (-10% MP)
                  | [an orb of fire]
 82816 | Zot:3    | Gained mutation: You are frail. (-10% HP) [an orb of fire]
 82854 | Zot:3    | Gained mutation: You are clumsy. (Dex -2) [an orb of fire]
 82859 | Zot:3    | Killed an orb of fire
 83079 | Zot:3    | You fall into a shaft and drop 1 floor!
 83472 | Zot:4    | Reached skill level 22 in Shields
 84070 | Zot:4    | Reached XP level 27. HP: 122/205 MP: 30/30
 85364 | Zot:5    | Entered Level 5 of the Realm of Zot
 86073 | Zot:5    | Reached skill level 15 in Translocations
 86602 | Zot:5    | Noticed an orb of fire
 86608 | Zot:5    | Gained mutation: You tend to lose your temper in combat.
                  | [an orb of fire]
 86623 | Zot:5    | Noticed an orb of fire
 86623 | Zot:5    | Gained mutation: You have a pair of small horns on your
                  | head. [an orb of fire]
 86624 | Zot:5    | Noticed an orb of fire
 86625 | Zot:5    | Noticed an orb of fire
 86627 | Zot:5    | Noticed an ancient lich
 86628 | Zot:5    | Noticed an ancient lich
 86802 | Zot:4    | Killed an orb of fire
 86866 | Zot:5    | Killed an orb of fire
 86908 | Zot:5    | Killed an ancient lich
 86932 | Zot:4    | Killed an orb of fire
 87043 | Zot:5    | Noticed an ancient lich
 87053 | Zot:5    | Killed from afar by an ancient lich

Illustrated notes

Levels and vault maps discovered:
D:1:      onia_arrival_pentagram, layout_rooms
D:2:      layout_rooms, lemuel_coloured_pillars_altar, uniq_robin
D:3:      layout_basic, gup_sewer_entry_bowl
D:4:      layout_basic, grunt_temple_overflow_open, first_ration, uniq_grinder
D:5:      layout_basic, serial_shops, shop, shop, nicolae_shop_crystal,
          shop_coins, kennysheep_mini_moat
D:6:      minmay_evil_eye, layout_loops_ring, minmay_temple_entry_junction,
          serial_bayou_crossing
D:7:      layout_gridville, ashenzari_conservatory_becter, zin_treasury,
          grunt_ogre_cave
D:8:      layout_basic, nicolae_ossuary_entry_ruins, st_stairs_12
D:9:      layout_loops_cross
D:10:     layout_irregular_city, lair_entry_dummy, orc_0_dummy, serial_shops,
          shop, kennysheep_generic_room_16
D:11:     layout_roguey, minmay_misc_feat_iff
D:12:     layout_roguey, basic_altar, serial_shops, kennysheep_little_box,
          uniq_kirke
D:13:     layout_gridville, david_vaults_3
D:14:     layout_loops_ring
D:15:     gammafunk_enter_depths_forms, layout_cross,
          hangedman_decor_peaks_small, minmay_door_square, uniq_louise
Temple:   eino_temple_scatter_basement
Lair:1:   layout_gridlike, infiniplex_staircase_pool, grunt_megastairs_3,
          uniq_joseph
Lair:2:   layout_loops_ring, spider_nest_entry_webs, serial_bayou_shore_a
Lair:3:   layout_gridlike, gammafunk_ghost_berserking_beasts,
          cheibrodos_lair_lostbears, grunt_megastairs_5
Lair:4:   layout_small_grid, minmay_shoals_entry_lonely_mermaid,
          gauntlet_entry_generic, lookout_lair_type
Lair:5:   layout_regular_city, minmay_shattered_shrine
Lair:6:   due_jungle_book, layout_loops_ring, slime_altar_2
Shoals:1: layout_shoals, st_shoals_ruin
Shoals:2: layout_shoals, st_sunken_huts, uniq_polyphemus
Shoals:3: layout_shoals, portal_ice_cave_entry_ice_statue_two, ldierk_geyser,
          minmay_shop_enchanted_jewellery, wheals_shoals_ruined_temple
Shoals:4: shoals_end_grunt_ice, layout_shoals
Spider:1: layout_spider_delve, uniq_nikola
Spider:2: layout_spider_delve, uniq_arachne
Spider:3: nicolae_spider_mines_3
Spider:4: grunt_spider_rune_circles, nicolae_orb_island, uniq_mara
Orc:1:    layout_diamond_mine, uniq_snorg
Orc:2:    st_orc_congregation, layout_diamond_mine, mines3_lemuel, uniq_rupert
Elf:1:    layout_rooms, orc_legates, kilobyte_rumbling_trees, uniq_frances,
          uniq_roxanne
Elf:2:    layout_loops_cross, serial_shops, nicolae_shop_window_shopping
Elf:3:    minmay_elf_hall_furrowed, layout_geoelf_octagon
Vaults:1: grunt_vaults_hallway_short, nicolae_vaults_alarming,
          nicolae_vaults_inception_statues, ontoclasm_vaults_eye,
          nicolae_vaults_windows_and_doors_thing, st_squares,
          hangedman_vaults_hat, v_misc_12, nicolae_vaults_three_branches,
          vaults_room_ringed_pool, layout_vaults_maze, uniq_donald
Vaults:2: vaults_dpeg_doors, v_alt_pattern_4, hangedman_vaults_pinch,
          dpeg_vaults_monster_box, v_rooms_2, nicolae_vaults_little_ls,
          v_misc_2, vaults_room_corners, vaults_mumra_hexcomb, vaults_dpeg_ring,
          vaults_room_hangedman_quadrants, vaults_room_pool,
          layout_vaults_chaotic_city
Vaults:3: v_misc_14, minmay_crypt_entry_simple_plaza, ontoclasm_vaults_gateway,
          nicolae_vaults_yaktaur_gun_rack, nicolae_vaults_sealed_display,
          grunt_vaults_swirl, ontoclasm_vaults_loading_screen,
          vaults_mumra_chevron_long, v_misc_13, serial_ice_b,
          hangedman_vaults_cutoff, v_rooms_5, layout_vaults_omnibox,
          nicolae_trove_entry_crystal
Vaults:4: vaults_room_pool, vaults_dpeg_diagonal, v_misc_17,
          nicolae_vaults_specimen_jars, nicolae_vaults_mini_display_case,
          v_misc_23, v_misc_27, vaults_dpeg_hooks, layout_vaults_quadrants
Vaults:5
Crypt:1:  layout_chaotic_city, grunt_crypt_arrival_webbed
Crypt:2:  layout_misc_corridors, basic_altar
Crypt:3:  lightli_unholy_cathedral, layout_chaotic_city,
          nicolae_tomb_entry_unfolded_pyramid_diagonal,
          serial_sigils_hangedman_quiver
Depths:1: layout_honeycomb, hell_entry, abyss_entry, nicolae_benzene_ring,
          serial_shops, nicolae_shop_crystal, pan_entry,
          hangedman_abyss_or_decor_stagger, grunt_ministairs_13,
          dk_noncrumbling_3, minmay_shop_grove
Depths:2: minmay_nine_rooms, layout_basic, hell_entry, serial_shops,
          nicolae_shop_overgrown_old_shop, infiniplex_staircase_door_maze
Depths:3: gammafunk_jiyva_shrine, layout_gridville, hell_entry,
          grunt_pan_entry_spiral, nicolae_abyss_entry_one_way_or_another,
          grunt_decor_arrowhead, minmay_misc_feat_plants, grunt_ministairs_10,
          uniq_mennas
Depths:4: due_chaos_kobolds, layout_cave_shapes, enter_ziggurat_e,
          serial_bayou_lagoon_a, serial_bayou, serial_bayou_shore_b,
          serial_bayou_pond_b, serial_bayou_pond_e, serial_bayou_lake_a,
          serial_bayou_pond_d, abyss_entry, grunt_metal_band
Depths:5: evilmike_zot_entry_argh, layout_cave_pools, hell_entry, serial_shops,
          bzr_entry_water, nicolae_shop_trees, chequers_big_river,
          minmay_swirly_circle
Zot:1:    gammafunk_dig_for_victory, layout_basic, st_stairs_5
Zot:2:    layout_cathedral_of_symmetry
Zot:3:    layout_concentric_octagons
Zot:4:    layout_twisted_circle
Zot:5:    layout_cathedral_of_symmetry, bh_zot_ikea_curve

Skill      XL: |  1  2  3  4  5  6  7  8  9 10 11 12 13 14 15 16 17 18 19 20 21 22 23 24 25 26 27 |
---------------+----------------------------------------------------------------------------------+-----
Stealth        | 1 3 4 6 7 10 12 14 | 14.0
Fighting       | 2 3 4 5 6 7 8 9 10 12 14 16 17 19 20 21 | 21.0
Dodging        | 4 5 6 7 8 9 10 11 12 13 14 15 16 17 18 19 | 19.1
Long Blades    | 4 5 6 7 10 12 14 16 | 16.0
Shields        | 2 3 5 6 7 9 11 12 14 16 17 18 19 20 21 22 | 22.0
Armour         | 2 3 5 6 8 10 11 12 13 14 | 14.4
Evocations     | 2 5 6 |  6.0
Spellcasting   | 4 5 6 7 9 |  9.1
Translocations | 4 6 7 8 10 14 16 | 16.0
Charms         | 4 |  4.0
Throwing       | |  1.5

Action                   |  1- 3 |  4- 6 |  7- 9 | 10-12 | 13-15 | 16-18 | 19-21 | 22-24 | 25-27 || total
-------------------------+-------+-------+-------+-------+-------+-------+-------+-------+-------++-------
Melee: Long sword        |    69 |    42 |       |       |       |       |       |       |       ||   111
       Bite              |    11 |    21 |    72 |   160 |   305 |   346 |   370 |   544 |   288 ||  2117
       Dagger            |       |   102 |   547 |  1096 |   352 |       |       |       |       ||  2097
       Spear             |       |    18 |       |       |       |       |       |       |       ||    18
       Double sword      |       |       |       |     5 |  1599 |  2187 |  1765 |  2415 |  1506 ||  9477
       Headbutt          |       |       |       |       |       |       |       |       |    27 ||    27
Throw: Throwing net      |       |     4 |     4 |     3 |     2 |     2 |     2 |       |       ||    17
       Javelin           |       |       |       |       |    13 |     3 |       |       |       ||    16
 Cast: Lesser Beckoning  |       |       |       |       |       |       |       |     1 |     1 ||     2
Invok: Potion Petition   |       |       |       |     1 |     9 |     3 |     1 |    10 |     4 ||    28
       Call Merchant     |       |       |       |       |       |     4 |     5 |       |     1 ||    10
 Abil: Evoke Invisibilit |       |       |       |       |     1 |       |       |       |       ||     1
       Exsanguinate      |       |       |       |       |       |     1 |       |     2 |     1 ||     4
       Revivify          |       |       |       |       |       |     1 |       |     1 |     1 ||     3
Evoke: Wand              |       |       |    19 |    33 |    54 |    60 |     7 |       |     4 ||   177
       Phantom mirror    |       |       |       |     1 |       |       |       |     1 |       ||     2
       Lightning rod     |       |       |       |       |    22 |    15 |    11 |       |       ||    48
       Phial of floods   |       |       |       |       |     3 |     1 |     1 |       |       ||     5
       Box of beasts     |       |       |       |       |       |     4 |       |       |       ||     4
       Tin of tremorston |       |       |       |       |       |       |       |     6 |       ||     6
  Use: Scroll            |       |     5 |     9 |    13 |    19 |    16 |    14 |    27 |    10 ||   113
       Potion            |       |       |     2 |    16 |    11 |     5 |     1 |     6 |     5 ||    46
 Stab: Sleeping          |     4 |    10 |    15 |    24 |    33 |    13 |    30 |    29 |    17 ||   175
       Held in net/web   |       |     1 |     1 |     1 |       |       |     1 |       |       ||     4
       Distracted        |       |       |     1 |     6 |    14 |    21 |    30 |    21 |    19 ||   112
       Confused          |       |       |       |     3 |       |       |       |       |     2 ||     5
       Invisible         |       |       |       |     1 |     8 |       |       |       |       ||     9
       Paralysed         |       |       |       |       |     6 |       |       |       |       ||     6
       Petrified         |       |       |       |       |       |     5 |       |       |       ||     5
Armor: Leather armour    |    30 |    30 |    47 |   107 |    72 |       |       |       |       ||   286
       Skin              |       |       |    17 |    18 |       |       |       |       |       ||    35
       Chain mail        |       |       |       |    69 |   607 |   741 |     6 |       |       ||  1423
       Scale mail        |       |       |       |       |       |       |   182 |     4 |       ||   186
       Shadow dragon sca |       |       |       |       |       |       |       |   678 |   358 ||  1036
Dodge: Dodged            |    52 |   101 |   363 |   782 |  1424 |   506 |   519 |   727 |   489 ||  4963
Block: Buckler           |       |       |       |   181 |  1038 |       |       |       |       ||  1219
       Reflection        |       |       |       |       |    42 |   117 |    36 |       |       ||   195
       Tower shield      |       |       |       |       |   260 |  2625 |  1601 |  2385 |  1253 ||  8124
       Rpst.: Long sword |    19 |    11 |       |       |       |       |       |       |       ||    30
       Double sword      |       |       |       |     2 |   279 |    89 |    97 |   144 |    74 ||   685
